 Dungeon Crawl Stone Soup version 0.24-a0-368-g0e0cebd0f3 (webtiles) character file.

Game seed: 15102441047321571672

1154 TheOvate the Sneak (level 8, -5/43 HPs)
             Began as a Kobold Enchanter on May 28, 2019.
             Was an Initiate of Dithmenos.
             Killed from afar by a wizard (23 damage)
             ... with a crystal spear
             ... on level 6 of the Dungeon.
             The game lasted 00:26:15 (7750 turns).

TheOvate the Sneak (Kobold Enchanter)               Turns: 7750, Time: 00:26:15

Health: -5/43      AC:  5    Str:  8    XL:     8   Next: 65%
Magic:  25/25      EV: 15    Int: 16    God:    Dithmenos [......]
Gold:   295        SH:  0    Dex: 15    Spells: 6/18 levels left

rFire    . . .     SeeInvis .   a - +1 dagger
rCold    . . .     Gourm    .   (shield restricted)
rNeg     . . .     Faith    .   A - +0 leather armour
rPois    .         Spirit   .   j - +0 helmet
rElec    .         Reflect  .   u - +0 cloak
rCorr    .         Harm     .   (no gloves)
MR       .....                  (no boots)
Stlth    +++.......             s - amulet of magic regeneration
HPRegen  0.14/turn              F - ring of magical power
MPRegen  0.44/turn              (no ring)

@: about to teleport, very slightly contaminated, slowed, very slow
A: small, carnivore
a: Renounce Religion


You were on level 6 of the Dungeon.
You worshipped Dithmenos.
Dithmenos was noncommittal.
You were very full.

You visited 2 branches of the dungeon, and saw 8 of its levels.

You collected 295 gold pieces.

Inventory:

Hand Weapons
 a - a +1 dagger (weapon)
 k - a cursed -3 hunting sling
Missiles
 x - 112 stones (quivered)
 y - 6 atropa-tipped darts
 z - 18 sling bullets
Armour
 j - a +0 helmet (worn)
 u - a +0 cloak (worn)
 A - a +0 leather armour (worn)
Magical Staves
 w - a cursed staff of conjuration
Jewellery
 s - an amulet of magic regeneration (around neck)
 v - an uncursed amulet of guardian spirit
 F - a ring of magical power (left hand)
Wands
 h - a wand of random effects (13)
 B - a wand of iceblast (8)
 E - a wand of paralysis (10)
Scrolls
 b - a scroll of amnesia
 i - 4 scrolls of identify
 l - a scroll of enchant armour
 o - 3 scrolls of enchant weapon
 p - 2 scrolls of fear
 t - a scroll of blinking
 C - 2 scrolls of remove curse
 D - a scroll of fog {unknown}
 G - a scroll of holy word {unknown}
 I - 3 scrolls of noise
Potions
 c - 2 potions of lignification
 e - 3 potions of degeneration
 f - a potion of flight
 m - a potion of brilliance
 n - a potion of haste
 H - a potion of magic
Comestibles
 d - 11 rations


   Skills:
 - Level 1.2 Fighting
 - Level 4.4 Short Blades
 - Level 3.2 Dodging
 - Level 7.0 Stealth
 * Level 5.5 Spellcasting
 * Level 5.6 Hexes
 * Level 3.1 Ice Magic


You had 6 spell levels left.
You knew the following spells:

 Your Spells              Type           Power        Failure   Level  Hunger
a - Corona                Hex            ###....      1%          1    None
b - Ensorcelled Hibernat  Hex/Ice        ###...       5%          2    #......
c - Confuse               Hex            ###.....     6%          3    ###....
d - Tukima's Dance        Hex            ###.....     6%          3    ###....
e - Dazzling Spray        Conj/Hex       ##....       21%         3    ###....

Your spell library contained the following spells:

 Spells                   Type           Power        Failure   Level  Hunger


Dungeon Overview and Level Annotations

Branches:
Dungeon (7/15)             Temple (1/1) D:7

Altars:
Cheibriados
Dithmenos
Elyvilon
Fedhas
Gozag
Hepliaklqana
Kikubaaqudgha
Makhleb
Nemelex Xobeh
Okawaru
Qazlal
Ru
Sif Muna
Trog
Uskayaw
Vehumet
Wu Jian
Xom
Yredelemnul
Zin
The Shining One

Shops:
D:6 (

Annotations:
D:7 2 runed translucent doors, exclusion: orange crystal statue


Innate Abilities, Weirdness & Mutations

You are small and have problems with some larger weapons.
You are carnivorous and can eat meat at any time.


Message History

Aim: a wizard, wielding a +0 dagger and wearing a +0 robe (fast, chance to defeat MR: 17%)
You miscast Ensorcelled Hibernation.
You are very lightly contaminated with residual magic.
Frost spreads across the stone staircase leading up.
You hit the wizard.
The wizard is lightly wounded.
The wizard hits you with a +0 dagger. The wizard barely misses you.
Magic restored.
The wizard hits you with a +0 dagger.
You climb upwards.
There is a stone staircase leading down here.
As you read the scroll of teleportation, it crumbles to dust.
You feel strangely unstable.
The wizard gestures at you while chanting.
You feel yourself slow down. The wizard hits you with a +0 dagger.
You hit the wizard but do no damage.
The wizard is lightly wounded.
The wizard casts a spell at you. The crystal spear hits you!!
Ouch! That really hurt!
You die...

#.# ####### #.# ......# #.#
########## ......#
#.###........######## ......#
#.#.................. ......#
#............######.#
......#######.#..........##.....#
......##.........p...............
................@#########..###.#
'#########.............###..###.#
.#########..#....................
............#.....####.###.####.#
.####.####..#.....# #.##.......#
......[...........####.###.######
.####..###..#..........# #.# #
.......# #........####.###)######
.......######....................


You could see a wizard.

Vanquished Creatures
  Menkaure (D:5)
  A water moccasin (D:7)
  A phantom (D:6)
  A sky beast (D:6)
  An ogre (D:6)
  2 scorpions
  A water moccasin skeleton (D:6)
  A howler monkey (D:5)
  A bullfrog zombie (D:7)
  A centaur zombie (D:6)
  A gnoll shaman (D:7)
  A hound (D:7)
  2 orc wizards (D:4)
  2 worker ants
  2 hound zombies
  A hound skeleton (D:5)
  A howler monkey zombie (D:7)
  6 adders
  8 gnolls
  An ooze (D:1)
  An adder skeleton (D:5)
  3 worms
  A dart slug (D:1)
  2 leopard geckos
  16 orcs
  6 giant cockroaches
  3 goblins
  4 hobgoblins
  7 jackals
  3 quokkas
  A ball python (D:1)
  5 bats
  3 frilled lizards
  7 kobolds
  A leopard gecko skeleton (D:5)
  A leopard gecko zombie (D:5)
  A rat (D:2)
101 creatures vanquished.

Notes
Turn   | Place    | Note
-------+----------+-------------------------------------------
     0 | D:1      | TheOvate the Kobold Enchanter began the quest for the Orb.
     0 | D:1      | Reached XP level 1. HP: 10/10 MP: 3/3
   155 | D:1      | Reached XP level 2. HP: 6/15 MP: 3/5
   321 | D:1      | Learned a level 2 spell: Ensorcelled Hibernation
  1067 | D:2      | Reached XP level 3. HP: 19/19 MP: 6/6
  1961 | D:3      | Learned a level 3 spell: Confuse
  2280 | D:3      | Reached skill level 5 in Stealth
  2324 | D:3      | Reached XP level 4. HP: 24/24 MP: 4/7
  2403 | D:3      | Reached skill level 1 in Ice Magic
  2592 | D:3      | Found a snail-covered altar of Cheibriados.
  2806 | D:3      | Found a white marble altar of Elyvilon.
  3120 | D:4      | Reached XP level 5. HP: 28/28 MP: 3/9
  3649 | D:4      | Reached skill level 6 in Stealth
  3649 | D:4      | Reached XP level 6. HP: 33/33 MP: 10/10
  3666 | D:4      | Found an opulent altar of Gozag.
  3667 | D:4      | Found a glowing silver altar of Zin.
  3918 | D:5      | Entered Level 5 of the Dungeon
  4521 | D:5      | Noticed Menkaure
  4991 | D:5      | Found a blossoming altar of Fedhas.
  4991 | D:5      | Found an iron altar of Okawaru.
  5008 | D:5      | Reached XP level 7. HP: 37/37 MP: 12/12
  5056 | D:5      | Found a white marble altar of Elyvilon.
  5058 | D:5      | Found a burning altar of Makhleb.
  5097 | D:5      | Killed Menkaure
  5097 | D:5      | Reached skill level 1 in Fighting
  5148 | D:6      | Reached skill level 7 in Stealth
  5151 | D:6      | Found a sand-covered staircase.
  5268 | D:6      | Got a jewelled scale mail
  5274 | D:6      | Identified the +1 scale mail of Unambiguity {+Blink rPois
                  | rC++ Slay-3} (You found it on level 6 of the Dungeon)
  5395 | D:6      | Found Buetirr's Weapon Shoppe.
  5725 | D:6      | Learned a level 3 spell: Tukima's Dance
  5729 | D:6      | Learned a level 3 spell: Dazzling Spray
  6071 | D:6      | Reached XP level 8. HP: 32/43 MP: 14/14
  6297 | D:6      | Reached skill level 5 in Hexes
  6500 | D:7      | Reached skill level 5 in Spellcasting
  6525 | D:7      | Noticed a wizard
  6532 | D:7      | Noticed an orc sorcerer
  7082 | D:7      | Found a runed translucent door.
  7101 | D:7      | Found the +10 large shield of Ignorance {rN+ Int-4}
  7117 | D:7      | Found a runed translucent door.
  7124 | D:7      | Noticed an orange crystal statue
  7133 | D:7      | Found a staircase to the Ecumenical Temple.
  7144 | Temple   | Entered the Ecumenical Temple
  7281 | Temple   | Became a worshipper of Dithmenos the Shadowed
  7462 | D:7      | Noticed a wizard
  7750 | D:6      | Killed from afar by a wizard

Levels and vault maps discovered:
D:1:      kennysheep_arrival_forest, layout_loops_cross
D:2:      layout_basic
D:3:      layout_basic, lemuel_round_altar, elyvilon_altar_5
D:4:      layout_basic, grunt_temple_overflow_gold_and_silver, first_ration
D:5:      layout_basic, nicolae_overflow_hidden_temple, st_stairs_6,
          uniq_menkaure
D:6:      layout_basic, nicolae_ossuary_entry_monument, serial_shops, shop,
          lemuel_flamethrower_2
D:7:      cheibrodos_wizards_tower, layout_cave_pools,
          nicolae_ashenzari_panopticon, minmay_temple_entry_enclosed_plants,
          hex_tiny, chequers_guarded_unrand_ignorance
Temple:   minmay_temple_curvy_branch

Skill      XL: |  1  2  3  4  5  6  7  8 |
---------------+-------------------------+-----
Stealth        | 5 6 7 |  7.0
Ice Magic      | 1 2 3 |  3.1
Short Blades   | 2 3 4 |  4.4
Spellcasting   | 3 4 5 |  5.5
Hexes          | 4 5 |  5.6
Fighting       | 1 |  1.2
Dodging        | 3 |  3.2

Action                   |  1- 3 |  4- 6 |  7- 9 || total
-------------------------+-------+-------+-------++-------
Melee: Dagger            |    71 |   137 |   124 ||   332
 Cast: Corona            |     3 |     4 |       ||     7
       Ensorcelled Hiber |    16 |    49 |    38 ||   103
       Confuse           |     1 |     4 |    23 ||    28
  Use: Scroll            |       |     1 |    19 ||    20
       Potion            |       |       |     4 ||     4
 Stab: Sleeping          |    23 |    31 |    14 ||    68
       Confused          |     1 |     2 |    13 ||    16
  Eat: Chunk             |    14 |    11 |    11 ||    36
Armor: Robe              |    13 |     8 |       ||    21
       Skin              |       |     6 |       ||     6
       Leather armour    |       |       |    16 ||    16
Dodge: Dodged            |    47 |    94 |    77 ||   218

Table legend:
 A = Non-vault XP
 B = Vault XP
 C = Vault XP percentage of total XP
 D = Non-vault monster count
 E = Vault monster count
 F = Vault count percentage of total count
                 A         B        C        D         E       F
            +---------+---------+-------+---------+---------+-------
      Total |    1448 |     201 |  12.2 |      98 |       3 |   3.0
            +---------+---------+-------+---------+---------+-------
        D:1 |      24 |       0 |   0.0 |      11 |       0 |   0.0
        D:2 |      31 |       0 |   0.0 |      13 |       0 |   0.0
        D:3 |      45 |       0 |   0.0 |      17 |       0 |   0.0
        D:4 |     231 |       0 |   0.0 |      16 |       0 |   0.0
        D:5 |     231 |     201 |  46.5 |      15 |       3 |  16.7
        D:6 |     494 |       0 |   0.0 |       8 |       0 |   0.0
        D:7 |     392 |       0 |   0.0 |      18 |       0 |   0.0
            +---------+---------+-------+---------+---------+-------
